 Dungeon Crawl Stone Soup version 0.23.2 (webtiles) character file.

Game seed: 9524230394076165975

60 Kairos the Skirmisher (level 4, -5/37 HPs)
             Began as a Formicid Abyssal Knight on Apr 10, 2019.
             Was a Follower of Lugonu.
             Killed from afar by Natasha (11 damage)
             ... with a magic dart
             ... on level 2 of the Dungeon.
             The game lasted 00:01:58 (1587 turns).

Kairos the Skirmisher (Formicid Abyssal Knight)     Turns: 1587, Time: 00:01:59

Health: -5/37      AC:  9    Str: 18    XL:     4   Next: 24%
Magic:  5/5        EV:  7    Int: 11    God:    Lugonu [*.....]
Gold:   67         SH:  0    Dex: 10    Spells: 3/3 levels left

rFire    . . .     SeeInvis +   a - +2 spear
rCold    . . .     Gourm    .   (no shield)
rNeg     . . .     Faith    .   e - +0 chain mail of Claustrophobia {MR+ Stlth+} (curse)
rPois    .         Spirit   .   (helmet unavailable)
rElec    .         Reflect  .   (no cloak)
rCorr    .         Harm     .   (no gloves)
MR       +....                  (no boots)
Stlth    ..........             (no amulet)
HPRegen  0.12/turn              h - ring of attention (curse)
MPRegen  0.09/turn              (no ring)

@: no status effects
A: permanent stasis, dig shafts and tunnels, four strong arms, antennae 3
a: Dig, Shaft Self, Depart the Abyss, Renounce Religion


You were on level 2 of the Dungeon.
You worshipped Lugonu.
Lugonu was aware of your devotion.
You were very hungry.

You visited 1 branch of the dungeon, and saw 2 of its levels.
You visited the Abyss 1 time.

You collected 67 gold pieces.

Inventory:

Hand Weapons
 a - a +2 spear (weapon)
Armour
 b - a +1 leather armour
 e - the cursed +0 chain mail of Claustrophobia (worn) {MR+ Stlth+}
   (You found it on level 2 of the Abyss)

   It affects your resistance to hostile enchantments.
   It makes you more stealthy.
   It has a curse placed upon it.
Jewellery
 h - a cursed ring of attention (left hand)
Scrolls
 d - a scroll of fog
Potions
 g - a potion of heal wounds
 i - a potion of brilliance
Comestibles
 c - 4 rations


   Skills:
 + Level 4.0 Fighting
 + Level 2.8 Polearms
 + Level 3.1 Armour
 + Level 0.9 Dodging
 + Level 2.3 Invocations


You had 3 spell levels left.
You didn't know any spells.
Your spell library was empty.

Dungeon Overview and Level Annotations

Branches:
Dungeon (2/15)

Altars:

Annotations:
D:2 Natasha


Innate Abilities, Weirdness & Mutations

You cannot be hasted, slowed, berserked, paralysed or teleported.
You can dig through walls and to a lower floor.
Your four strong arms can wield two-handed weapons with a shield.
You have a pair of large antennae on your head. (SInv)


Message History

Natasha is almost dead.
Natasha claws you.
* * * LOW HITPOINT WARNING * * *
You hit Natasha.
You kill Natasha!
Lugonu accepts your kill.
Natasha screams in fury as she dies!
Your Fighting skill increases to level 4!
Your Armour skill increases to level 3!
You have reached level 4!
You feel stronger.
You now have 58 gold pieces (gained 10).
You now have 67 gold pieces (gained 9).
Natasha, Servant of Life and Death comes into view.
Natasha casts a spell.
You see here a stone.
There is a stone staircase leading up here.
Natasha stares at you and mumbles some strange words.
The magic dart hits you!
You die...

. .!#####
.>....#########.##
#$...).(@()....#
#.......###.....#
###....##.# .....#
#.........h# .....#
.##.....#.5# ....##
(..<................
.##........###h.####.
....####..# ..# .....
....


You could see an iron imp and Natasha.

Vanquished Creatures
  Natasha (D:2)
  A dart slug (D:1)
  2 leopard geckos (D:1)
  A bat (D:1)
  3 giant cockroaches (D:1)
  4 goblins
  4 hobgoblins (D:1)
  4 jackals (D:1)
  3 frilled lizards
  A kobold (D:2)
  6 rats (D:1)
30 creatures vanquished.

Notes
Turn   | Place    | Note
-------+----------+-------------------------------------------
     0 | Abyss:1  | Kairos the Formicid Abyssal Knight began the quest for the
                  | Orb.
     0 | Abyss:1  | Reached XP level 1. HP: 18/18 MP: 2/2
    55 | Abyss:2  | Got a pitted chain mail
   101 | Abyss:2  | Identified the cursed +0 chain mail of Claustrophobia {MR+
                  | Stlth+} (You found it on level 2 of the Abyss)
   124 | Abyss:2  | Noticed a starcursed mass
   127 | D:1      | Escaped the Abyss
   609 | D:1      | Reached XP level 2. HP: 21/25 MP: 3/3
   638 | D:1      | Reached * piety under Lugonu
  1030 | D:1      | Reached XP level 3. HP: 27/30 MP: 4/4
  1562 | D:2      | Noticed Natasha
  1576 | D:2      | Killed Natasha
  1576 | D:2      | Reached skill level 4 in Fighting
  1576 | D:2      | Reached XP level 4. HP: 5/37 MP: 5/5
  1581 | D:2      | Noticed Natasha
  1587 | D:2      | Killed from afar by Natasha

Skill      XL: |  1  2  3 |
---------------+----------+-----
Fighting       | 4 |  4.0
Armour         | 3 |  3.1
Polearms       | |  2.8
Dodging        | |  0.9
Invocations    | |  2.3

Action                   |  1- 3 |  4- 6 || total
-------------------------+-------+-------++-------
Melee: Spear             |   118 |       ||   118
Invok: Depart the Abyss  |     1 |       ||     1
  Use: Scroll            |     5 |       ||     5
  Eat: Chunk             |     1 |       ||     1
Armor: Chain mail        |    66 |       ||    66
Dodge: Dodged            |    24 |       ||    24
